 Dungeon Crawl Stone Soup version 0.22.1 (webtiles) character file.

3360 Fang the Cleaver (level 10, -1/63 HPs)
             Began as a Gargoyle Berserker on Sept 17, 2018.
             Was an Elder of Trog.
             Slain by a hippogriff (3 damage)
             ... on level 8 of the Dungeon.
             The game lasted 00:13:47 (8300 turns).

Fang the Cleaver (Gargoyle Berserker)               Turns: 8300, Time: 00:13:48

Health: -1/63      AC: 10    Str: 25    XL:     10   Next: 3%
Magic:  10/10      EV: 14    Int:  7    God:    Trog [****..]
Gold:   292        SH:  5    Dex:  9    Spells: 9/9 levels left

rFire    . . .     SeeInvis .   a - +3 hand axe
rCold    . . .     Gourm    .   (no shield)
rNeg     + . .     Faith    .   b - +1 animal skin
rPois    ∞         Spirit   .   (no helmet)
rElec    +         Reflect  +   e - scarf {repulsion}
rCorr    .         Harm     .   (no gloves)
MR       .....                  (no boots)
Stlth    ++........             q - +5 amulet of reflection
HPRegen  0.20/turn              (no ring)
MPRegen  0.12/turn              (no ring)

@: repel missiles
A: negative energy resistance 1, electricity resistance, unbreathing,
petrification resistance, rot immunity, AC +7
a: Berserk, Trog's Hand, Brothers in Arms, Renounce Religion


You were on level 8 of the Dungeon.
You worshipped Trog.
Trog was greatly pleased with you.
You were not hungry.

You visited 2 branches of the dungeon, and saw 9 of its levels.
You also visited: Ossuary.

You collected 292 gold pieces.

Inventory:

Hand Weapons
 a - a +3 hand axe (weapon)
Armour
 b - a +1 animal skin (worn)
 e - a scarf of repulsion (worn)
 v - a scarf of cloud immunity
Jewellery
 m - an uncursed ring of stealth {unknown}
 q - a +5 amulet of reflection (around neck)
Wands
 j - a wand of enslavement (21)
 u - a wand of iceblast (10)
 w - a wand of polymorph (14)
 A - a wand of paralysis (25)
Scrolls
 g - 2 scrolls of enchant armour
 h - 5 scrolls of remove curse
 n - 7 scrolls of fog
 s - 6 scrolls of teleportation
Potions
 d - 4 potions of brilliance
 f - 5 potions of degeneration
 k - 2 potions of resistance {unknown}
 l - 2 potions of might
 o - a potion of heal wounds {unknown}
 r - 3 potions of haste
 t - 3 potions of ambrosia
 z - a potion of curing
 B - 3 potions of flight {unknown}
 C - 2 potions of cancellation {unknown}
 D - 2 potions of invisibility {unknown}
 E - 2 potions of berserk rage {unknown}
 F - a potion of lignification {unknown}
 H - a potion of mutation {unknown}
Comestibles
 c - 10 rations


   Skills:
 + Level 7.1 Fighting
 + Level 9.5 Axes
 + Level 2.5 Armour
 + Level 5.7 Dodging
 + Level 4.2 Stealth
 + Level 1.1 Unarmed Combat


You had 9 spell levels left.
You didn't know any spells.
Your spell library was empty.

Dungeon Overview and Level Annotations

Branches:
Dungeon (8/15)             Temple (1/1) D:5
   Lair: D:8-11

Altars:
Ashenzari
Cheibriados
Dithmenos
Elyvilon
Fedhas
Gozag
Hepliaklqana
Kikubaaqudgha
Nemelex Xobeh
Qazlal
Ru
Sif Muna
Trog
Uskayaw
Wu Jian
Zin


Innate Abilities, Weirdness & Mutations

You are resistant to torment.
Your stone body is resilient. (AC +7)
You are immune to poison.
You resist negative energy. (rN+)
You are resistant to electric shocks. (rElec)
You can survive without breathing.
You are immune to petrification.
You are immune to rotting.


Message History

You hit the hippogriff.
The hippogriff is moderately wounded.
You barely miss the slave.
You hit the two-headed ogre but do no damage.
The hippogriff barely misses you. The hippogriff pecks you.
The hippogriff closely misses you.
The two-headed ogre hits you with a giant club!!
* * * LOW HITPOINT WARNING * * *
The two-headed ogre hits you with a giant club!
* * * LOW HITPOINT WARNING * * *
You hear a shout!
As you read the scroll of identify, it crumbles to dust.
f - 5 potions of degeneration A slave comes into view.
The slave hits you but does no damage.
A slave comes into view.
The hippogriff bites you.
* * * LOW HITPOINT WARNING * * *
The hippogriff pecks you.
You die...

## <#
###.#
####
....###
...#
#.....#
# #
+..$..#
# .#
#HO...#
##.#
#@#
..(###
#p#
......
#.#
.....#
#.#
..##.#


#lp ..+..... ..p ..##.#.. ### ..##.#.# ..##.#.# You could see a two-headed ogre,
a hippogriff, 3 slaves and a leopard gecko.

Vanquished Creatures
  A hippogriff (D:7)
  Eustachio (D:4)
  Edmund (D:4)
  Duvessa (D:7)
  A sky beast (D:5)
  3 orc warriors
  2 phantoms
  2 black bears (D:7)
  3 ogres
  A crocodile (D:8)
  4 bullfrogs
  Dowan (D:7)
  3 water moccasin zombies (Ossuary)
  2 scorpions
  3 crimson imps
  5 hounds
  3 orc priests
  5 orc wizards
  A centaur skeleton (D:6)
  A centaur zombie (D:7)
  Natasha (thrice) (D:4)
  2 iguanas
  7 worker ants
  A big kobold zombie (Ossuary)
  A hound skeleton (D:4)
  2 mummies (Ossuary)
  4 gnolls
  12 adders
  A shadow imp (D:6)
  4 oozes
  2 adder skeletons
  5 adder zombies (Ossuary)
  A worm (D:4)
  3 leopard geckos
  26 orcs
  2 ball pythons
  5 giant cockroaches
  11 goblins
  8 hobgoblins
  6 jackals
  5 quokkas
  7 bats
  4 frilled lizards
  4 gnoll zombies (Ossuary)
  3 hobgoblin zombies (Ossuary)
  3 kobolds
  6 kobold zombies (Ossuary)
  6 orc zombies (Ossuary)
  A quokka skeleton (D:5)
  10 rats
199 creatures vanquished.

Notes
Turn   | Place    | Note
-------+----------+-------------------------------------------
     0 | D:1      | Fang the Gargoyle Berserker began the quest for the Orb.
     0 | D:1      | Reached XP level 1. HP: 14/14 MP: 1/1
    78 | D:1      | Reached XP level 2. HP: 12/19 MP: 2/2
   417 | D:1      | Reached skill level 3 in Axes
   556 | D:1      | Reached XP level 3. HP: 23/24 MP: 3/3
  1118 | D:2      | Found a hide-covered altar of Uskayaw.
  1120 | D:2      | Found an ornate altar of the Wu Jian Council.
  1215 | D:2      | Reached ** piety under Trog
  1258 | D:2      | Reached XP level 4. HP: 9/29 MP: 4/4
  1589 | D:2      | Found a stormy altar of Qazlal.
  1990 | D:3      | Reached skill level 4 in Axes
  1990 | D:3      | Reached XP level 5. HP: 33/33 MP: 5/5
  2348 | D:3      | Reached skill level 1 in Stealth
  2478 | D:3      | Reached *** piety under Trog
  2625 | D:3      | Reached XP level 6. HP: 29/39 MP: 6/6
  2809 | D:4      | Noticed Natasha
  2810 | D:4      | Noticed Eustachio
  2818 | D:4      | Killed Natasha
  2822 | D:4      | Killed Eustachio
  2822 | D:4      | Reached skill level 5 in Axes
  2889 | D:4      | Noticed Natasha
  2904 | D:4      | Killed Natasha
  2909 | D:4      | Reached XP level 7. HP: 15/44 MP: 7/7
  3389 | D:4      | Noticed Natasha
  3406 | D:4      | Killed Natasha
  3406 | D:4      | Reached skill level 5 in Fighting
  3471 | D:4      | Found a sparkling altar of Nemelex Xobeh.
  3508 | D:4      | Found a shadowy altar of Dithmenos.
  3604 | D:4      | Found a blossoming altar of Fedhas.
  3606 | D:4      | Found a deep blue altar of Sif Muna.
  3642 | D:4      | Noticed Edmund
  3655 | D:4      | Killed Edmund
  3655 | D:4      | Reached skill level 6 in Axes
  4134 | D:5      | Entered Level 5 of the Dungeon
  4137 | D:5      | Found a staircase to the Ecumenical Temple.
  4145 | Temple   | Entered the Ecumenical Temple
  4247 | D:5      | Reached skill level 1 in Unarmed Combat
  4247 | D:5      | Reached XP level 8. HP: 18/49 MP: 8/8
  5380 | D:6      | Found a sand-covered staircase.
  5394 | Ossuary  | Entered an ossuary
  5440 | Ossuary  | Reached skill level 7 in Axes
  5701 | Ossuary  | Reached **** piety under Trog
  6122 | D:6      | Identified a scroll of acquirement
  6250 | D:6      | Reached XP level 9. HP: 17/55 MP: 9/9
  6366 | D:6      | Reached skill level 8 in Axes
  6819 | D:6      | Found a deep blue altar of Sif Muna.
  6980 | D:6      | Found a deep blue altar of Sif Muna.
  7046 | D:7      | Noticed Duvessa
  7046 | D:7      | Noticed Dowan
  7051 | D:7      | Killed Duvessa
  7054 | D:7      | Killed Dowan
  7054 | D:7      | Reached skill level 5 in Dodging
  7393 | D:7      | Reached skill level 9 in Axes
  7446 | D:7      | Found a sacrificial altar of Ru.
  7606 | D:7      | Found a bloodstained altar of Trog.
  8047 | D:8      | Reached XP level 10. HP: 45/63 MP: 10/10
  8295 | D:8      | Noticed a two-headed ogre
  8299 | D:8      | HP: 3/63 [two-headed ogre/giant club (10)]
  8300 | D:8      | Slain by a hippogriff

Skill      XL: |  1  2  3  4  5  6  7  8  9 |
---------------+----------------------------+-----
Axes           | 3 4 5 6 7 9 |  9.5
Dodging        | 2 3 4 5 |  5.7
Fighting       | 4 5 7 |  7.1
Stealth        | 1 2 4 |  4.2
Unarmed Combat | 1 |  1.1
Armour         | |  2.5

Action                   |  1- 3 |  4- 6 |  7- 9 | 10-12 || total
-------------------------+-------+-------+-------+-------++-------
Melee: Hand axe          |    93 |   192 |   594 |    14 ||   893
       Unarmed           |       |    11 |     7 |       ||    18
       Punch             |       |       |     3 |       ||     3
Invok: Berserk           |     2 |     3 |    11 |       ||    16
  Use: Scroll            |       |       |    19 |     1 ||    20
 Stab: Distracted        |       |     1 |       |       ||     1
       Sleeping          |       |     1 |     8 |       ||     9
  Eat: Chunk             |     2 |     8 |    14 |     1 ||    25
       Ration            |       |       |     4 |       ||     4
Armor: Animal skin       |    41 |    52 |   161 |     8 ||   262
       Skin              |       |       |     3 |       ||     3
Dodge: Dodged            |    71 |    93 |   275 |    10 ||   449
Block: Other             |       |    48 |   111 |     4 ||   163
